 Dungeon Crawl Stone Soup version 0.30-a0-170-g85af917532 (webtiles) character file.

Game seed: 17372142105780218498

201 jlumianski the Chopper (level 5, -1/39 HPs)
             Began as a Demonspawn Gladiator on Sept 30, 2022.
             Slain by an orc wizard
             ... wielding a +0 dagger
              (3 damage)
             ... on level 3 of the Dungeon.
             The game lasted 00:13:02 (2910 turns).

jlumianski the Chopper (Demonspawn Gladiator)       Turns: 2910, Time: 00:13:07

Health: -1/39      AC:  4    Str: 17    XL:     5   Next: 50%
Magic:  5/5        EV: 13    Int:  9    God:
Gold:   144        SH:  0    Dex: 16    Spells: 4/4 levels left

rFire   . . .      SeeInvis .    a - +0 war axe
rCold   . . .      Faith    .    (no shield)
rNeg    . . .      Spirit   .    b - +0 leather armour
rPois   +          Reflect  .    c - +0 helmet
rElec   .          Harm     .    (no cloak)
rCorr   .          Rampage  .    (no gloves)
Will    .....                    (no boots)
Stlth   +++.......               (no amulet)
HPRegen 0.13/turn                y - ring of poison resistance
MPRegen 0.09/turn                (no ring)

@: no status effects
A: thin skeletal structure 1, weakness stinger 2
a: no special abilities


You were on level 3 of the Dungeon.
You visited 1 branch of the dungeon, and saw 4 of its levels.

You collected 144 gold pieces.

Inventory:

Hand Weapons
 a - a +0 war axe (weapon)
 o - the +4 whip "Behuk Cub" {freeze, *Noise rN+ Stlth+}
   (You found it on level 2 of the Dungeon)

   It freezes those it strikes, dealing additional cold damage.
   It can also slow down cold-blooded creatures.
   rN:        It protects you from negative energy.
   *Noise:    It may make noises in combat.
   Stlth:     It makes you more stealthy.
 q - a +0 rapier of venom
 x - a +2 spear of flaming
Missiles
 d - 3 throwing nets
 e - 6 javelins (quivered)
 w - 2 poisoned darts
Armour
 b - a +0 leather armour (worn)
 c - a +0 helmet (worn)
Jewellery
 y - a ring of poison resistance (left hand)
Wands
 s - a wand of polymorph (4)
Scrolls
 f - a scroll of amnesia {unknown}
 g - 5 scrolls of identify {unknown}
 i - 2 scrolls of enchant armour {unknown}
 j - a scroll of teleportation {unknown}
 k - a scroll of fear {unknown}
 m - a scroll of butterflies {unknown}
 n - a scroll of vulnerability {unknown}
 r - a scroll of immolation {unknown}
 t - 2 scrolls of poison {unknown}
 v - a scroll of acquirement {unknown}
Potions
 h - 3 potions of flight {unknown}
 l - a potion of brilliance {unknown}
 p - 2 potions of attraction {unknown}
 u - a potion of mutation {unknown}


   Skills:
 + Level 2.5 Fighting
 + Level 4.2 Axes
 + Level 1.8 Throwing
 + Level 2.2 Armour
 + Level 3.2 Dodging
 + Level 0.9 Stealth


You had 4 spell levels left.
You didn't know any spells.
Your spell library contained the following spells:

 Spells                   Type           Power      Damage    Failure   Level
 Beastly Appendage        Tmut           0%         N/A       43%         1
 Foxfire                  Conj/Fire      0%         2x1d4     43%         1
 Blink                    Tloc           0%         N/A       58%         2
 Wereblood                Tmut           0%         N/A       58%         2
 Spider Form              Tmut/Pois      0%         N/A       82%         3
 Manifold Assault         Tloc           0%         N/A       99%         4
 Fireball                 Conj/Fire      0%         3d3       100%        5
 Starburst                Conj/Fire      0%         6d3       100%        6
 Storm Form               Tmut/Air       0%         N/A       100%        7


Dungeon Overview and Level Annotations

Branches:
Dungeon (4/15)
 Temple: D:4-7

Altars:
Kikubaaqudgha
Sif Muna
Uskayaw
Vehumet


Innate Abilities, Weirdness & Mutations

You have a somewhat thin skeletal structure. (Dex +2, Stealth+)
You have a tail ending in a sharp stinger.


Message History

Your Armour skill increases to level 2!
You hear some strange, mumbled words.
A puff of flame appears from out of thin air!
Deactivating autopickup; reactivate with Ctrl-A.
The puff of flame misses you.
You closely miss something. You tail-slap something.
Something hits you but does no damage. The orc wizard casts a spell at you.
The puff of flame hits something!
You hear a shout!
You slash something!
Reactivating autopickup.
You feel a bit more experienced.
The orc wizard mumbles some strange words.
The orc wizard flickers and vanishes!
Deactivating autopickup; reactivate with Ctrl-A.
You hit something. Something completely misses you.
You closely miss something.
Your tail-slap misses something.
Something hits you.
You hit something but do no damage. Something hits you.
You hit something but do no damage.
Your tail-slap misses something.
Something hits you. Something hits you but does no damage.
You hit something. Something barely misses you.
You miss something.
Your tail-slap misses something.
Something hits you but does no damage.
You barely miss something.
Your tail-slap misses something.
Something barely misses you. x2
You miss something. Something hits you but does no damage.
You closely miss something.
You hear some strange, mumbled words.
A magic dart appears from out of thin air!
The magic dart hits you!
* * * LOW HITPOINT WARNING * * *
You miss something.
Your tail-slap misses something.
You hear some strange, mumbled words.
A magic dart appears from out of thin air!
The magic dart hits you.
* * * LOW HITPOINT WARNING * * *
Something hits you.
You die...

#.#.##.## #.#.##.#
#########.#.##.#
#.........#.##.##
#.#######.#.##...
#.# #######.##..#
##.###..#..#.....
#..##..o'._####.##
#@##.o.o#..#......
#{#.....#######.##
#.#.⌠.⌠.#..# #.#
#(...⌠..')_# #.##
###.⌠.⌠.#..# #...
#.....#### ####
##....#..#
##...')_# ##..#..#


There were no monsters in sight!

Vanquished Creatures
  An iguana (D:4)
  4 orc wizards (D:3)
  An adder (D:3)
  3 gnolls
  2 worms (D:2)
  An orc (D:3)
  2 ball pythons
  3 endoplasms
  5 giant cockroaches
  3 goblins (D:1)
  5 hobgoblins (D:1)
  3 quokkas
  5 bats
  2 frilled lizards (D:1)
  6 kobolds
  3 rats
49 creatures vanquished.

Notes
Turn   | Place    | Note
-------+----------+-------------------------------------------
     0 | D:1      | jlumianski the Demonspawn Gladiator began the quest for the
                  | Orb.
     0 | D:1      | Reached XP level 1. HP: 16/16 MP: 1/1
   225 | D:1      | Gained mutation: You have a small tail. [demonic ancestry]
   225 | D:1      | Reached XP level 2. HP: 21/22 MP: 2/2
   311 | D:1      | Reached skill level 3 in Axes
   764 | D:1      | Reached XP level 3. HP: 27/27 MP: 3/3
  1252 | D:2      | Reached skill level 1 in Armour
  1457 | D:2      | Identified the +4 whip "Behuk Cub" {freeze, *Noise rN+
                  | Stlth+}
  1582 | D:2      | Found a hide-covered altar of Uskayaw.
  1636 | D:2      | Gained mutation: You have a tail ending in a sharp stinger.
                  | [demonic ancestry]
  1636 | D:2      | Reached XP level 4. HP: 34/34 MP: 4/4
  1873 | D:2      | Found a faded altar of an unknown god.
  1874 | D:2      | Noticed a golden eye
  1882 | D:2      | Noticed an eye of devastation
  1891 | D:2      | Noticed a golden eye
  1891 | D:2      | Noticed an eye of devastation
  2568 | D:3      | Reached skill level 4 in Axes
  2769 | D:3      | Found a radiant altar of Vehumet.
  2777 | D:3      | Gained mutation: You have a somewhat thin skeletal
                  | structure. (Dex +2, Stealth+) [demonic ancestry]
  2777 | D:3      | Reached XP level 5. HP: 33/39 MP: 5/5
  2782 | D:3      | Found an ancient bone altar of Kikubaaqudgha.
  2881 | D:3      | Found a shimmering blue altar of Sif Muna.
  2910 | D:3      | Slain by an orc wizard

Illustrated notes

Levels and vault maps discovered:
D:1:      mrwooster_arrival_statue_3, layout_loops_ring
D:2:      layout_loops_ring, basic_altar,
          hellmonk_ecumenical_altar_watching_god, roderic_serpentine_path
D:3:      layout_loops_ring, palyth_temple_overflow_mages,
          nicolae_overflow_squiral, chequers_serial_rivers_room_a,
          hangedman_glass_garden
D:4:      layout_loops_ring, grunt_temple_overflow_opulence,
          minmay_temple_entry_statues_fountains, serial_glass, glass_columns_b,
          glass_columns_b

Skill      XL: |  1  2  3  4  5 |
---------------+----------------+-----
Dodging        | 3 |  3.2
Axes           | 3 4 |  4.2
Armour         | 1 2 |  2.2
Fighting       | |  2.5
Throwing       | |  1.8
Stealth        | |  0.9

Action                   |  1- 3 |  4- 6 || total
-------------------------+-------+-------++-------
Melee: War axe           |    89 |    63 ||   152
       Tailslap          |     6 |    11 ||    17
Throw: Javelin           |       |     1 ||     1
Armor: Leather armour    |    36 |    18 ||    54
Dodge: Dodged            |    76 |    33 ||   109

Table legend: (Time is in decaauts)
 A = Elapsed time spent in this place.
 B = Non-inter-level travel time spent in this place.
 C = Inter-level travel time spent in this place.
 D = Time resting spent in this place.
 E = Time spent auto-exploring this place.
 F = Levels seen in this place.
 G = Mean time per level.
                   A        B        C        D        E       F      G
               +--------+--------+--------+--------+--------+-----+--------+
         Total |   2968 |   2937 |     31 |    701 |   1397 |   4 |  742.0 |
       Dungeon |   2968 |   2937 |     31 |    701 |   1397 |   4 |  742.0 |
               +--------+--------+--------+--------+--------+-----+--------+

Top non-repeatable levels by time:
     D:1: 1281 daAuts
     D:2: 931 daAuts
     D:3: 721 daAuts
     D:4: 34 daAuts
